[Event "Early Titled Tuesday Blitz | February 8 2022"]
[White "Andreikin, Dmitry"]
[Black "Timofeev, Artyom"]
[WhiteFideId "4158814"]
[BlackFideId "4140419"]
[WhiteElo "2736"]
[BlackElo "2583"]
[Result "1-0"]
[Round "09"]
[TimeControl "180+1"]
[Date "2022.02.08"]
[WhiteClock "0:00:40"]
[BlackClock "0:00:15"]

1. d4 d5 2. c4 dxc4 3. e3 Nf6 4. Bxc4 e6 5. Nf3 c5 6. O-O a6 7. Bb3 Be7 8. Nc3 Nc6 9. dxc5 Bxc5 10. Qxd8+ Kxd8 11. Bd2 Ke7 12. Rac1 Bd6 13. Ng5 Rd8 14. Rfd1 Na5 15. Nd5+ exd5 16. Bxa5 Rd7 17. Bb6 Kf8 18. Nf3 Re7 19. Bd8 Re8 20. Bxf6 gxf6 21. Rxd5 Be7 22. Rh5 Kg7 23. Rc7 b5 24. h3 Rb8 25. Nd4 Rb7 26. Nf5+ Kg6 27. g4 Bxf5 28. Rxb7 1-0


[Site "https://www.chess.com"]

[Event "Early Titled Tuesday Blitz | February 8 2022"]
[White "Arabidze, Meri"]
[Black "Narayanan.S.L"]
[WhiteFideId "13604040"]
[BlackFideId "5058422"]
[WhiteElo "2329"]
[BlackElo "2494"]
[Result "0-1"]
[Round "09"]
[TimeControl "180+1"]
[Date "2022.02.08"]
[WhiteClock "0:00:11"]
[BlackClock "0:00:29"]

1. Nf3 Nf6 2. d4 g6 3. g3 Bg7 4. Bg2 O-O 5. O-O d6 6. a4 Nc6 7. a5 a6 8. Nc3 d5 9. Bf4 Bf5 10. Ne5 e6 11. Nxc6 bxc6 12. Be5 g5 13. Na4 Nd7 14. Bxg7 Kxg7 15. Re1 Bg6 16. e4 Rb8 17. Qd2 h6 18. c3 Rb5 19. b4 h5 20. e5 h4 21. Bf1 Rh8 22. g4 f6 23. Bxb5 cxb5 24. Nc5 Nxc5 25. dxc5 f5 26. f3 h3 27. Kh1 fxg4 28. fxg4 Be4+ 29. Kg1 Bg2 30. Rf1 Bxf1 31. Rxf1 Rh4 32. Qe2 d4 33. Qf3 dxc3 34. Qf7+ Kh8 35. Qxe6 Qd4+ 36. Rf2 Rxg4+ 0-1


[Site "https://www.chess.com"]

[Event "Early Titled Tuesday Blitz | February 8 2022"]
[White "Atakhan, Abtin"]
[Black "Khoroshev, Nikita"]
[WhiteFideId "22502203"]
[BlackFideId "14200287"]
[WhiteElo "2119"]
[BlackElo "2354"]
[Result "1-0"]
[Round "09"]
[TimeControl "180+1"]
[Date "2022.02.08"]
[WhiteClock "0:00:02"]
[BlackClock "0:00:04"]

1. Nf3 Nf6 2. c4 e6 3. g3 d5 4. Bg2 Nc6 5. O-O Bd6 6. b3 O-O 7. Bb2 b6 8. Nc3 Bb7 9. e3 dxc4 10. bxc4 Na5 11. d3 a6 12. Qe2 c5 13. e4 Bc7 14. e5 Nd7 15. Ne4 Nc6 16. Nd6 Bxd6 17. exd6 Qb8 18. Ng5 Qxd6 19. Qh5 h6 20. Be4 f5 21. Qg6 Rf6 22. Qh7+ Kf8 23. Qh8+ Ke7 24. Qxg7+ Ke8 25. Bxf6 hxg5 26. Qg6+ Kf8 27. Bg7+ Ke7 28. Qxg5+ Kf7 29. Bf3 Nce5 30. Bh5+ Kg8 31. Bf6+ Kh7 32. Qg7# 1-0


[Site "https://www.chess.com"]

[Event "Early Titled Tuesday Blitz | February 8 2022"]
[White "Atzl, Florian"]
[Black "Manukyan, Artyom"]
[WhiteFideId "1635891"]
[BlackFideId "13305786"]
[WhiteElo "2085"]
[BlackElo "2034"]
[Result "0-1"]
[Round "09"]
[TimeControl "180+1"]
[Date "2022.02.08"]
[WhiteClock "0:01:13"]
[BlackClock "0:01:18"]

1. e4 e6 2. d4 d5 3. Nd2 c5 4. exd5 Qxd5 5. Ngf3 cxd4 6. Bc4 Qd6 7. O-O Nc6 8. Re1 Nf6 9. Nb3 a6 10. a4 Qc7 11. Bf1 Bb4 12. Bd2 O-O 13. Nfxd4 Bd6 14. Nf3 h6 15. Bc3 Nd5 16. Bd2 b6 17. Nbd4 Bb7 18. h3 Rfd8 19. Qc1 Nxd4 20. Nxd4 Bh2+ 21. Kh1 Bf4 22. Bxf4 Nxf4 23. c3 Nxh3 24. Qe3 Nf4 25. Rad1 Rd5 26. Nf3 Rad8 27. Rd4 Rh5+ 28. Kg1 Rxd4 29. Nxd4 Ne2+ 30. Bxe2 Qh2+ 31. Kf1 Qh1# 0-1


[Site "https://www.chess.com"]

[Event "Early Titled Tuesday Blitz | February 8 2022"]
[White "Bacrot, Etienne"]
[Black "Xiong, Jeffery"]
[WhiteFideId "605506"]
[BlackFideId "2047640"]
[WhiteElo "2673"]
[BlackElo "2727"]
[Result "0-1"]
[Round "09"]
[TimeControl "180+1"]
[Date "2022.02.08"]
[WhiteClock "0:01:05"]
[BlackClock "0:00:41"]

1. Nf3 c5 2. c4 Nf6 3. Nc3 b6 4. d4 cxd4 5. Nxd4 Bb7 6. f3 e6 7. e4 d6 8. Be3 Be7 9. g4 a6 10. h4 Nfd7 11. g5 h6 12. g6 Bxh4+ 13. Ke2 Bf6 14. gxf7+ Kxf7 15. Bh3 Nf8 16. Qb3 Nbd7 17. Rad1 Qe7 18. Na4 Nc5 19. Nxc5 bxc5 20. Bxe6+ Nxe6 21. Nf5 Qc7 22. Nxd6+ Ke7 23. Qxb7 Qxb7 24. Nxb7 Rhb8 25. Nxc5 Rxb2+ 26. Rd2 Rxd2+ 27. Kxd2 Rd8+ 28. Ke2 Rb8 29. Nb3 Rb4 30. Rc1 Ra4 31. Rc2 h5 32. c5 Be5 33. c6 h4 34. Nc5 Nxc5 35. Bxc5+ Kd8 36. Bb6+ Kc8 37. c7 h3 38. Kf2 Rb4 39. Be3 Rb1 40. Bc1 h2 0-1


[Site "https://www.chess.com"]

[Event "Early Titled Tuesday Blitz | February 8 2022"]
[White "Bambino Filho, Antonio Carlos"]
[Black "Allahverdiyeva, Ayan"]
[WhiteFideId "2113163"]
[BlackFideId "13412590"]
[WhiteElo "2455"]
[BlackElo "1910"]
[Result "1-0"]
[Round "09"]
[TimeControl "180+1"]
[Date "2022.02.08"]
[WhiteClock "0:00:19"]
[BlackClock "0:00:16"]

1. e4 c5 2. Nf3 d6 3. d4 cxd4 4. Nxd4 Nf6 5. Nc3 a6 6. Be3 e6 7. f3 Be7 8. Qd2 O-O 9. O-O-O b5 10. g4 Bb7 11. g5 Nfd7 12. h4 Nc6 13. Nxc6 Bxc6 14. Ne2 Rb8 15. Nd4 Ba8 16. h5 b4 17. g6 Bf6 18. gxf7+ Kxf7 19. Nxe6 Qa5 20. Bc4 Rfc8 21. Nc7+ Kf8 22. Qxd6+ Be7 23. Ne6+ Kf7 24. Nc5+ Kf8 25. Nxd7+ Ke8 26. Qe6 Rxc4 27. Qxc4 1-0


[Site "https://www.chess.com"]

[Event "Early Titled Tuesday Blitz | February 8 2022"]
[White "Barp, Alberto"]
[Black "Ljukin, Sergei"]
[WhiteFideId "872555"]
[BlackFideId "14102200"]
[WhiteElo "2229"]
[BlackElo "2312"]
[Result "1-0"]
[Round "09"]
[TimeControl "180+1"]
[Date "2022.02.08"]
[WhiteClock "0:00:09"]
[BlackClock "0:00:08"]

1. d4 d5 2. c4 c6 3. Nf3 Nf6 4. e3 e6 5. Bd3 dxc4 6. Bxc4 b5 7. Bd3 Nbd7 8. e4 a6 9. e5 Nd5 10. a4 b4 11. O-O c5 12. Bg5 Qb6 13. a5 Qa7 14. Nbd2 h6 15. Be3 Nxe3 16. fxe3 Be7 17. d5 exd5 18. e6 fxe6 19. Bg6+ Kd8 20. e4 Bb7 21. exd5 Bxd5 22. Kh1 Kc7 23. Qe2 Rad8 24. Be4 Bd6 25. Nc4 Nf6 26. Bxd5 exd5 27. Nxd6 Rxd6 28. Qe7+ Rd7 29. Qe5+ Kb7 30. Rac1 Rc8 31. Qf5 Ka8 32. Ne5 Rdc7 33. b3 c4 34. bxc4 dxc4 35. Qf3+ Qb7 36. Qe2 c3 37. h3 c2 38. Nd3 b3 39. Nb2 Qb5 40. Qe3 Qd5 41. Na4 Qe4 42. Nb6+ Kb7 43. Qxb3 Ka7 44. Nxc8+ Rxc8 45. Rfe1 Qc6 46. Qe3+ Qc5 47. Qe7+ Qxe7 48. Rxe7+ Ka8 49. Re2 Nh5 50. Rexc2 Rd8 51. Rc8+ Rxc8 52. Rxc8+ Kb7 53. Rc3 Nf6 54. Rb3+ Ka7 55. Rg3 g5 56. Rc3 Nd5 57. Rc6 h5 58. Rc5 Ne3 59. Rxg5 Nf1 60. Rg7+ Ka8 61. Kg1 Ne3 62. Rg5 h4 63. Kf2 Nc4 64. Kf3 Kb7 65. Kg4 Ne3+ 66. Kxh4 Kc6 67. g4 Kd6 68. Kh5 Ke6 69. Rg6+ Kf7 70. Rxa6 1-0


[Site "https://www.chess.com"]

[Event "Early Titled Tuesday Blitz | February 8 2022"]
[White "Bashirli, Saadat"]
[Black "Marcziter, Dmitrii"]
[WhiteFideId "13429990"]
[BlackFideId "13900765"]
[WhiteElo "1173"]
[BlackElo "2155"]
[Result "0-1"]
[Round "09"]
[TimeControl "180+1"]
[Date "2022.02.08"]
[WhiteClock "0:00:32"]
[BlackClock "0:00:53"]

1. d4 Nf6 2. Bg5 Ne4 3. Bf4 d5 4. f3 Nf6 5. Be5 Nbd7 6. Bxf6 Nxf6 7. e3 Bf5 8. c4 e6 9. Nc3 c6 10. c5 e5 11. Bd3 Bxd3 12. Qxd3 exd4 13. exd4 Be7 14. Nge2 O-O 15. O-O b6 16. cxb6 axb6 17. Nf4 Bd6 18. Nfe2 Qc7 19. Rac1 Qb8 20. g3 Re8 21. Rfe1 h5 22. Kg2 h4 23. f4 Ng4 24. Ng1 hxg3 25. hxg3 Qc7 26. Nxd5 Qb7 27. Nc3 c5+ 28. d5 c4 29. Qd2 Bc5 30. Ne4 Be3 31. Rxe3 Nxe3+ 32. Qxe3 Qxd5 33. Re1 f5 34. Nf3 Rxe4 35. Qc1 Rxa2 36. Rxe4 Qxe4 37. Kf2 b5 38. Ne5 Qd4+ 39. Kf3 Rxb2 40. Qe1 Rf2+ 41. Qxf2 Qe4# 0-1


[Site "https://www.chess.com"]

[Event "Early Titled Tuesday Blitz | February 8 2022"]
[White "Bauer, Thomas"]
[Black "Saim, Mohamed Ilias"]
[WhiteFideId "1639293"]
[BlackFideId "7900465"]
[WhiteElo "2220"]
[BlackElo "2006"]
[Result "1-0"]
[Round "09"]
[TimeControl "180+1"]
[Date "2022.02.08"]
[WhiteClock "0:01:38"]
[BlackClock "0:00:03"]

1. d4 Nf6 2. c4 e6 3. Nc3 Bb4 4. a3 Bxc3+ 5. bxc3 b6 6. f3 c5 7. d5 d6 8. e4 e5 9. Bd3 Nbd7 10. Nh3 O-O 11. O-O h6 12. Ra2 Nh7 13. Raf2 Ndf6 14. g4 g5 15. Kh1 Kg7 16. Ng1 h5 17. gxh5 Nxh5 18. Rg2 f6 19. f4 exf4 20. Qxh5 Kh8 21. e5 Qe7 22. exd6 Qf7 23. Bg6 Qg7 24. h4 Kg8 25. hxg5 fxg5 26. Rh2 Nf6 27. Qxg5 Bg4 28. Rxf4 1-0


[Site "https://www.chess.com"]

[Event "Early Titled Tuesday Blitz | February 8 2022"]
[White "Begunov, Konstantin"]
[Black "Omariev, Maksim"]
[WhiteFideId "4118510"]
[BlackFideId "4193423"]
[WhiteElo "2262"]
[BlackElo "2529"]
[Result "0-1"]
[Round "09"]
[TimeControl "180+1"]
[Date "2022.02.08"]
[WhiteClock "0:00:08"]
[BlackClock "0:00:03"]

1. d4 f5 2. Nc3 Nf6 3. Bg5 e6 4. e4 fxe4 5. Bxf6 Qxf6 6. Nxe4 Qh6 7. g3 Be7 8. f4 Nc6 9. Nf3 b6 10. c3 Bb7 11. Bd3 O-O-O 12. Qe2 Kb8 13. O-O-O Rde8 14. Neg5 Nd8 15. Rhe1 g6 16. h4 Qg7 17. Ne5 Bf8 18. h5 d6 19. h6 Qe7 20. Ng4 Nf7 21. Nxe6 Bxh6 22. Qh2 Bc8 23. d5 Bf8 24. Kd2 Nd8 25. Ng7 Qf7 26. Nxe8 Bxg4 27. Rc1 Be7 28. Re3 Rxe8 29. Rce1 Bd7 30. c4 Bf6 31. Kc2 Nb7 32. Rxe8+ Bxe8 33. Qe2 Bd7 34. g4 Nc5 35. f5 Nxd3 36. Qxd3 gxf5 37. gxf5 Be5 38. Rf1 a5 39. Qe4 Qf6 40. Rb1 h5 41. Rf1 h4 42. Qf3 Kb7 43. Qg4 Bg3 44. Qg6 Qd4 45. f6 Qxc4+ 46. Kd2 Qxf1 47. f7 Qf2+ 48. Kc3 Be5+ 49. Kb3 Qxb2+ 50. Kc4 Bb5# 0-1


[Site "https://www.chess.com"]

[Event "Early Titled Tuesday Blitz | February 8 2022"]
[White "Berdychevskaya, Natasha"]
[Black "Lehtosaari, Mauri"]
[WhiteFideId "4159322"]
[BlackFideId "501999"]
[WhiteElo "1780"]
[BlackElo "2461"]
[Result "1-0"]
[Round "09"]
[TimeControl "180+1"]
[Date "2022.02.08"]
[WhiteClock "0:00:19"]
[BlackClock "0:00:03"]

1. d4 d5 2. Bf4 c5 3. e3 Nc6 4. c3 Nf6 5. Nd2 Bf5 6. Qb3 Qd7 7. Ngf3 c4 8. Qd1 e6 9. Be2 h6 10. O-O Be7 11. Ne5 Nxe5 12. Bxe5 O-O 13. Bf3 b5 14. b3 a6 15. Re1 Rac8 16. bxc4 dxc4 17. e4 Bg6 18. Qe2 Rfe8 19. a4 b4 20. Nxc4 Qa7 21. cxb4 Bxb4 22. Red1 a5 23. Rac1 Red8 24. Bxf6 gxf6 25. d5 e5 26. Bg4 Rb8 27. Ne3 Ba3 28. Rc6 Rb6 29. Rxb6 Qxb6 30. Bf5 Qb3 31. h4 Bc5 32. h5 Bxe3 33. hxg6 Bd4 34. gxf7+ Kxf7 35. Qh5+ Ke7 36. Rc1 Qb6 37. Qxh6 Rf8 38. Be6 Bxf2+ 39. Kh1 Rh8 40. Qxh8 Qe3 41. Qg7+ Ke8 42. Qf7+ Kd8 43. Qd7# 1-0


[Site "https://www.chess.com"]

[Event "Early Titled Tuesday Blitz | February 8 2022"]
[White "Bettalli, Francesco"]
[Black "Zaichenko, Daria"]
[WhiteFideId "2816453"]
[BlackFideId "4197453"]
[WhiteElo "2216"]
[BlackElo "2039"]
[Result "1-0"]
[Round "09"]
[TimeControl "180+1"]
[Date "2022.02.08"]
[WhiteClock "0:00:20"]
[BlackClock "0:00:02"]

1. d4 d5 2. Nc3 Nf6 3. Bf4 c6 4. e3 Bf5 5. Nf3 e6 6. Be2 Bd6 7. O-O Bxf4 8. exf4 h6 9. Ne5 Nbd7 10. g4 Bh7 11. Bf3 Ne4 12. Nxe4 dxe4 13. Bg2 Nxe5 14. fxe5 Qh4 15. Qe2 h5 16. gxh5 Bf5 17. f3 Rxh5 18. fxe4 Qxh2+ 19. Kf2 Rg5 20. Rg1 Qg3+ 21. Kf1 O-O-O 22. Qf2 Qg4 23. Re1 Bg6 24. c3 c5 25. Bf3 Qh3+ 26. Ke2 Rxg1 27. Rxg1 Qh6 28. d5 exd5 29. Qxc5+ Kb8 30. exd5 Qf4 31. Qd4 Qf5 32. Re1 Re8 33. Kf2 Bh5 34. Qe4 Qh3 35. Bxh5 Qxh5 36. d6 Qh2+ 37. Qg2 Qf4+ 38. Qf3 Qh2+ 39. Kf1 Rxe5 40. Rxe5 Qxe5 41. d7 Qb5+ 42. Ke1 Qxd7 43. Qg3+ Qc7 44. Qxg7 a6 45. Kd2 Qd6+ 46. Kc2 Qg6+ 47. Qxg6 fxg6 48. Kd3 Kc7 49. Ke4 Kd6 50. b3 Ke6 51. a4 1-0


[Site "https://www.chess.com"]

[Event "Early Titled Tuesday Blitz | February 8 2022"]
[White "Bodnaruk, Anastasia"]
[Black "Murzin, Volodar"]
[WhiteFideId "4181751"]
[BlackFideId "44155573"]
[WhiteElo "2393"]
[BlackElo "2585"]
[Result "0-1"]
[Round "09"]
[TimeControl "180+1"]
[Date "2022.02.08"]
[WhiteClock "0:00:02"]
[BlackClock "0:00:07"]

1. e4 c6 2. d4 d5 3. e5 Bf5 4. Nf3 e6 5. Be2 Ne7 6. O-O h6 7. Nbd2 Nd7 8. Re1 g5 9. Nf1 Qc7 10. Ng3 Bg6 11. Bd3 c5 12. c3 O-O-O 13. Bxg6 fxg6 14. dxc5 Nxc5 15. Nd4 Qd7 16. b4 Na4 17. Qb3 b5 18. Bd2 Nf5 19. Qc2 Kb7 20. Nb3 Rc8 21. Qd3 Be7 22. Ne4 Ka8 23. Be3 Rc4 24. Nec5 Qc8 25. Nxa4 bxa4 26. Na5 Rxc3 27. Qb5 Nxe3 28. Rxe3 Rc1+ 29. Re1 Rxa1 30. Rxa1 Qc7 31. Qxa4 Rc8 32. Re1 Qc3 33. Rd1 Qc2 34. Qxc2 Rxc2 35. a3 Bd8 36. h3 Bb6 37. Rf1 d4 38. Nb3 d3 39. g4 Rb2 40. Nc5 Bxc5 41. bxc5 Kb7 42. Rd1 d2 43. f3 Kc6 44. Kf2 Kxc5 45. Ke3 Kd5 46. Rxd2+ Rxd2 47. Kxd2 Kxe5 48. Ke3 Kd5 49. Kd3 h5 50. a4 a5 51. Ke3 Kc5 52. Ke4 Kb4 53. Ke5 Kxa4 54. Kxe6 hxg4 55. hxg4 Kb4 56. Kf6 a4 57. Kxg5 a3 58. Kxg6 a2 59. f4 a1=Q 60. f5 Qh8 61. g5 Qg8+ 62. Kf6 Kc5 63. g6 Kd6 64. Kg5 Ke5 65. Kg4 Qf8 0-1


[Site "https://www.chess.com"]

[Event "Early Titled Tuesday Blitz | February 8 2022"]
[White "Bongo Akanga Ndjila, Barthelemy"]
[Black "Winkels, Marcel"]
[WhiteFideId "10609431"]
[BlackFideId "1003887"]
[WhiteElo "1803"]
[BlackElo "1900"]
[Result "1-0"]
[Round "09"]
[TimeControl "180+1"]
[Date "2022.02.08"]
[WhiteClock "0:00:08"]
[BlackClock "0:00:03"]

1. d4 Nf6 2. c4 g6 3. Nc3 Bg7 4. e4 d6 5. Be2 O-O 6. Nf3 e5 7. O-O exd4 8. Nxd4 Re8 9. f3 c6 10. Kh1 Nh5 11. Nc2 Qh4 12. Kg1 Na6 13. Be3 Be6 14. Bf2 Qe7 15. Qd2 Nc5 16. Rac1 a5 17. Nd4 Rad8 18. Be3 Qf6 19. Rfd1 Rd7 20. Bg5 Qxd4+ 21. Qxd4 Bxd4+ 22. Rxd4 f5 23. Rcd1 Bf7 24. exf5 gxf5 25. Rxd6 Rxd6 26. Rxd6 Ng7 27. Bf1 Re1 28. Rd8+ Ne8 29. Kf2 Rc1 30. Bxc1 Kg7 31. b3 Ne6 32. Rd7 Nf6 33. Rxb7 Nc5 34. Ra7 Kg6 35. Bb2 a4 36. b4 Ne6 37. Nxa4 Nf4 38. b5 cxb5 39. cxb5 Bd5 40. Ra6 Ne6 41. Nb6 Bb7 42. Ra7 Nc5 43. a4 Nh5 44. Nc4 Nf4 45. Ne5+ Kg5 46. a5 Bd5 47. b6 h5 48. a6 Na4 49. b7 Nxb2 50. b8=Q Nc4 51. Bxc4 Bxc4 52. Rg7+ Kf6 53. Qf8+ Kxe5 54. Re7+ Ne6 55. Qb8+ Kf6 56. Qd6 1-0


[Site "https://www.chess.com"]

[Event "Early Titled Tuesday Blitz | February 8 2022"]
[White "Brodowski, Piotr"]
[Black "Shimanov, Aleksandr"]
[WhiteFideId "1124480"]
[BlackFideId "4198603"]
[WhiteElo "2422"]
[BlackElo "2636"]
[Result "0-1"]
[Round "09"]
[TimeControl "180+1"]
[Date "2022.02.08"]
[WhiteClock "0:00:54"]
[BlackClock "0:01:17"]

1. c4 Nf6 2. Nc3 c5 3. g3 e6 4. Bg2 d5 5. cxd5 exd5 6. d3 Nc6 7. Bg5 d4 8. Nd5 Be6 9. Nxf6+ gxf6 10. Bd2 Qd7 11. Rc1 a5 12. a3 a4 13. Qc2 Bb3 14. Qb1 Bd6 15. Nf3 h5 16. Nh4 Ne7 17. e3 Ng6 18. Nxg6 fxg6 19. exd4 cxd4 20. O-O h4 21. Rfe1+ Kf7 22. Re4 hxg3 23. fxg3 f5 24. Rxd4 Bc5 25. Rxc5 Qxd4+ 26. Kh1 Rxh2+ 27. Kxh2 Rh8+ 0-1


[Site "https://www.chess.com"]

[Event "Early Titled Tuesday Blitz | February 8 2022"]
[White "Budrewicz, Krzysztof"]
[Black "Tarasova, Viktoriya"]
[WhiteFideId "1127950"]
[BlackFideId "4175840"]
[WhiteElo "2248"]
[BlackElo "2182"]
[Result "1-0"]
[Round "09"]
[TimeControl "180+1"]
[Date "2022.02.08"]
[WhiteClock "0:00:18"]
[BlackClock "0:00:01"]

1. d4 Nf6 2. c4 e6 3. Nf3 b6 4. g3 Ba6 5. b3 d5 6. Bg2 Bb4+ 7. Bd2 Be7 8. O-O O-O 9. Ne5 Bb7 10. Nc3 Nbd7 11. Nxd7 Qxd7 12. a4 a5 13. Bf4 c5 14. dxc5 Bxc5 15. cxd5 Nxd5 16. Nxd5 exd5 17. Rc1 Rfe8 18. Re1 Rad8 19. Bf3 Bb4 20. Bd2 Ba3 21. Rc2 d4 22. Bxb7 Qxb7 23. Bf4 Bb4 24. Rf1 Qe4 25. Qd3 Qxd3 26. exd3 Bc5 27. Kg2 Rd7 28. Rfc1 h6 29. h4 Rd5 30. Kf1 g5 31. hxg5 hxg5 32. Bd2 Ra8 33. Re1 Kg7 34. Re4 Kf6 35. Bc1 Rad8 36. Kg2 Kg6 37. Rce2 Bb4 38. Rc2 Bc3 39. Re7 b5 40. Rb7 bxa4 41. bxa4 Re8 42. Bb2 Bxb2 43. Rbxb2 Re1 44. Rb6+ Kg7 45. g4 Ra1 46. Rb7 Rxa4 47. Rcc7 Rb4 48. Rxf7+ Kg8 49. Ra7 Rb8 50. Rg7+ Kh8 51. Rh7+ Kg8 52. Rag7+ Kf8 53. Ra7 Kg8 54. Kg3 Rc5 55. Rhd7 Rc3 56. Rxd4 Rc1 57. Rxa5 Rg1+ 58. Kh2 Rbb1 59. Rxg5+ Kf7 60. Rf4+ Ke6 61. d4 Rh1+ 62. Kg2 Rhg1+ 63. Kf3 Rb3+ 64. Ke2 Rb2+ 65. Kd3 Rd1+ 66. Kc3 Rbb1 67. Re5+ Kd6 68. Rf6+ Kd7 69. Re2 Rbc1+ 70. Rc2 Ra1 71. g5 Ra8 72. d5 Rc8+ 73. Rc6 Rxc6+ 74. dxc6+ Kxc6 75. f4 Rf1 76. Kd4+ Kd6 77. Ke4 Re1+ 78. Kf5 1-0


[Site "https://www.chess.com"]

[Event "Early Titled Tuesday Blitz | February 8 2022"]
[White "Bugayev, Vladimir"]
[Black "Cramling Bellon, Anna"]
[WhiteFideId "30901480"]
[BlackFideId "32009232"]
[WhiteElo "2367"]
[BlackElo "1905"]
[Result "1-0"]
[Round "09"]
[TimeControl "180+1"]
[Date "2022.02.08"]
[WhiteClock "0:01:19"]
[BlackClock "0:00:01"]

1. e4 c5 2. Nc3 Nc6 3. Bb5 g6 4. Bxc6 dxc6 5. d3 Bg7 6. Be3 b6 7. f4 Nf6 8. h3 e6 9. Nf3 O-O 10. O-O Qc7 11. Qe1 Nh5 12. e5 f6 13. g4 fxe5 14. gxh5 exf4 15. Bd2 gxh5 16. Qh4 Rf5 17. Kh2 e5 18. Ne4 Be6 19. Rg1 Kh8 20. Bc3 Bd5 21. Rg2 Bxe4 22. dxe4 Rff8 23. Rxg7 Qxg7 24. Bxe5 Rf7 25. Rg1 Qxe5 26. Nxe5 Re7 27. Qxe7 1-0


[Site "https://www.chess.com"]

[Event "Early Titled Tuesday Blitz | February 8 2022"]
[White "Camacho Collados, Jose"]
[Black "Krzywda, Andrzej"]
[WhiteFideId "2265427"]
[BlackFideId "1114565"]
[WhiteElo "2351"]
[BlackElo "2098"]
[Result "0-1"]
[Round "09"]
[TimeControl "180+1"]
[Date "2022.02.08"]
[WhiteClock "0:01:27"]
[BlackClock "0:01:19"]

1. e4 c5 2. Nc3 Nc6 3. Nge2 g6 4. g3 Bg7 5. Bg2 d6 6. O-O e5 7. f4 Nge7 8. h3 O-O 9. g4 f5 10. exf5 gxf5 11. g5 e4 12. d3 d5 13. dxe4 fxe4 14. Ng3 Nd4 15. Be3 Nef5 16. Nxf5 Bxf5 17. Nxd5 Qxd5 18. c3 Rad8 19. cxd4 cxd4 20. Bd2 Qe6 21. Bb4 Rfe8 22. Qh5 d3 23. Bc3 Bxc3 24. bxc3 e3 25. c4 e2 26. Rfe1 Qe3+ 27. Kh1 d2 28. Bd5+ Rxd5 29. cxd5 Be4+ 30. Kh2 Qf2# 0-1


[Site "https://www.chess.com"]

[Event "Early Titled Tuesday Blitz | February 8 2022"]
[White "Caruana, Fabiano"]
[Black "Jones, Gawain C B"]
[WhiteFideId "2020009"]
[BlackFideId "409561"]
[WhiteElo "2744"]
[BlackElo "2657"]
[Result "0-1"]
[Round "09"]
[TimeControl "180+1"]
[Date "2022.02.08"]
[WhiteClock "0:00:14"]
[BlackClock "0:00:03"]

1. Nf3 Nf6 2. b3 g6 3. Bb2 Bg7 4. d4 O-O 5. Nbd2 d5 6. e3 b6 7. Bd3 Bb7 8. Ne5 Nbd7 9. f4 c5 10. Qf3 Qc7 11. Qg3 cxd4 12. exd4 Ne4 13. Bxe4 dxe4 14. c4 e6 15. O-O Rad8 16. Rad1 Nb8 17. Rfe1 f6 18. Ng4 f5 19. Ne5 Nc6 20. Nxc6 Bxc6 21. Nf1 b5 22. Qf2 bxc4 23. bxc4 Rd7 24. d5 exd5 25. Bxg7 Kxg7 26. cxd5 Bxd5 27. Ne3 Be6 28. Rxd7+ Qxd7 29. h4 Qe7 30. Rb1 Rd8 31. Rb5 Rd7 32. Kh2 Qd8 33. h5 Rd2 34. Rb7+ Kh6 35. Qg3 Rd7 36. Rb5 Qf6 37. Rb8 g5 38. Rb5 Rg7 39. Qf2 g4 40. Kg3 Kxh5 41. Re5 Qh4# 0-1


[Site "https://www.chess.com"]

[Event "Early Titled Tuesday Blitz | February 8 2022"]
[White "Cherniaiev, Tykhon"]
[Black "Ratnakaran, K."]
[WhiteFideId "14182360"]
[BlackFideId "5005507"]
[WhiteElo "2289"]
[BlackElo "2391"]
[Result "1-0"]
[Round "09"]
[TimeControl "180+1"]
[Date "2022.02.08"]
[WhiteClock "0:02:04"]
[BlackClock "0:02:35"]

1. Nf3 g6 2. g3 Bg7 3. Bg2 e5 4. Nc3 d5 5. e4 dxe4 6. Nxe4 Ne7 7. d3 O-O 8. O-O f5 9. Nc3 Nbc6 10. Re1 h6 11. Be3 f4 12. Bc5 fxg3 13. fxg3 Kh7 14. Ne4 Bg4 15. Nfg5+ hxg5 16. Nxg5+ Kg8 17. Qxg4 Bf6 18. Qc4+ 1-0


[Site "https://www.chess.com"]

[Event "Early Titled Tuesday Blitz | February 8 2022"]
[White "Costachi, Mihnea"]
[Black "Bortnyk, Olexandr"]
[WhiteFideId "1217518"]
[BlackFideId "14120828"]
[WhiteElo "2464"]
[BlackElo "2723"]
[Result "1-0"]
[Round "09"]
[TimeControl "180+1"]
[Date "2022.02.08"]
[WhiteClock "0:00:13"]
[BlackClock "0:00:03"]

1. d4 f5 2. Bg5 c6 3. e3 g6 4. h4 h6 5. Bf4 Bg7 6. c4 d6 7. Nc3 Nd7 8. Nf3 Ngf6 9. Be2 O-O 10. Qc2 Qa5 11. a3 e5 12. b4 Qc7 13. dxe5 dxe5 14. Bh2 Ng4 15. O-O Nxh2 16. Nxh2 e4 17. c5 Ne5 18. Qb3+ Kh7 19. Rad1 Qe7 20. g3 Be6 21. Qc2 g5 22. hxg5 hxg5 23. Rd6 Nf7 24. Nxe4 Nxd6 25. cxd6 Qd8 26. Nc5 Qxd6 27. Nf3 Bf6 28. Rd1 Qe7 29. Bc4 Bc8 30. Bd3 Bg7 31. Kg2 b6 32. Rh1+ Bh6 33. Nb3 c5 34. bxc5 bxc5 35. Nxc5 Kg7 36. Nd4 Qe5 37. Be2 Rb8 38. Nd3 Bb7+ 39. Bf3 Bxf3+ 40. Nxf3 Qd6 41. Qc3+ Qf6 42. Qc7+ Qf7 43. Qe5+ Qf6 44. Qc7+ Kg8 45. Nfe5 Rbc8 46. Qb7 Rfd8 47. Rxh6 Qxh6 48. Qf7+ Kh8 49. Ng6+ Qxg6 50. Qxg6 Rxd3 51. Qf6+ Kg8 52. Qe6+ Kg7 53. Qxc8 1-0


[Site "https://www.chess.com"]

[Event "Early Titled Tuesday Blitz | February 8 2022"]
[White "Coto Mederos, Michel"]
[Black "Lopez Gracia, Fernando"]
[WhiteFideId "3508528"]
[BlackFideId "2207184"]
[WhiteElo "2427"]
[BlackElo "2425"]
[Result "1-0"]
[Round "09"]
[TimeControl "180+1"]
[Date "2022.02.08"]
[WhiteClock "0:00:13"]
[BlackClock "0:01:08"]

1. c4 e6 2. Nc3 Nf6 3. e4 d5 4. e5 d4 5. exf6 dxc3 6. bxc3 Qxf6 7. Nf3 e5 8. d4 exd4 9. cxd4 Bb4+ 10. Bd2 Bxd2+ 11. Qxd2 O-O 12. Be2 Re8 13. O-O Nc6 14. Rab1 Bg4 15. d5 Ne5 16. Nxe5 Bxe2 17. Qxe2 Rxe5 18. Qd2 b6 19. Rfe1 Rae8 20. h3 Qh6 21. Rxe5 Rxe5 22. Qxh6 gxh6 23. Kf1 Re4 24. Rc1 a5 25. Rc3 Rd4 26. Ke2 b5 27. cxb5 Rxd5 28. a4 Rd4 29. Rxc7 Rxa4 30. Ra7 Ra2+ 31. Ke3 a4 32. g4 Rb2 33. Ra5 a3 34. Kd4 Kf8 35. Kc5 a2 36. Kc6 Rxf2 37. b6 Rc2+ 38. Kd7 Rb2 39. Kc7 Kg7 40. b7 Rc2+ 41. Kb6 Rb2+ 42. Ka7 Rb5 43. Rxa2 Kg6 44. b8=Q Rxb8 45. Kxb8 Kg5 46. Ra5+ Kf4 47. Rh5 Kg3 48. Rxh6 f5 49. gxf5 1-0


[Site "https://www.chess.com"]

[Event "Early Titled Tuesday Blitz | February 8 2022"]
[White "Dahanayake, Isara Banidu"]
[Black "Tregubov, Pavel V."]
[WhiteFideId "9932631"]
[BlackFideId "4115341"]
[WhiteElo "1394"]
[BlackElo "2341"]
[Result "0-1"]
[Round "09"]
[TimeControl "180+1"]
[Date "2022.02.08"]
[WhiteClock "0:00:13"]
[BlackClock "0:00:59"]

1. e4 c5 2. b3 d5 3. exd5 Qxd5 4. Nf3 Bg4 5. Bc4 Qe4+ 6. Qe2 Qxe2+ 7. Kxe2 Nc6 8. Bb2 Nf6 9. h3 Bxf3+ 10. Kxf3 e6 11. Na3 O-O-O 12. Rad1 Bd6 13. d4 Nxd4+ 14. Bxd4 cxd4 15. Nb5 Bc5 16. b4 Bxb4 17. Nxa7+ Kb8 18. Nb5 Bc5 19. Rd3 e5 20. Rb3 e4+ 21. Ke2 Rd7 22. Rhb1 Re8 23. Kf1 Re5 24. a4 h5 25. a5 Kc8 26. Na3 Bxa3 27. Rxa3 Rc5 28. a6 bxa6 29. Bxa6+ Kd8 30. Rb8+ Ke7 31. Bc8 Rdc7 32. Raa8 Rxc2 33. Kg1 d3 34. Ba6 d2 35. Be2 Rc1+ 36. Kh2 d1=Q 37. Bxd1 Rxd1 0-1


[Site "https://www.chess.com"]